 Dungeon Crawl Stone Soup version 0.31-a0-435-g2c6fae2916 (webtiles) character file.

Game seed: 14063509431083180732

288 cforsyth the Charlatan (level 6, -3/47 HPs)
             Began as a Gnoll Artificer on Aug 1, 2023.
             Succumbed to a scorpion's poison
             ... on level 4 of the Dungeon.
             The game lasted 00:05:51 (4025 turns).

cforsyth the Charlatan (Gnoll Artificer)            Turns: 4025, Time: 00:05:52

Health: -3/47      AC: 12    Str: 11    XL:     6   Next: 31%
Magic:  9/9        EV:  7    Int: 13    God:
Gold:   143        SH:  8    Dex: 12    Spells: 9/9 levels left

rFire   . . .        o - +0 flail
rCold   . . .        s - +0 kite shield
rNeg    . . .        k - +0 scale mail
rPois   .            (no helmet)
rElec   .            t - +0 cloak
rCorr   .            (no gloves)
SInv    .            (no boots)
Will    .....        (no amulet)
Stlth   +            n - +4 ring of protection
HPRegen 0.27/turn    (no ring)
MPRegen 0.11/turn

%: no passive effects
@: lethally poisoned (-3 -> -32)
A: fangs 1, strong nose, distributed training
a: no special abilities


You were on level 4 of the Dungeon.
You visited 1 branch of the dungeon, and saw 4 of its levels.

You collected 143 gold pieces.

Inventory:

Hand Weapons
 a - a +0 club
 o - a +0 flail (weapon)
 r - a +0 flail
Armour
 b - a +0 leather armour
 g - a +0 tower shield
 k - a +0 scale mail (worn)
 s - a +0 kite shield (worn)
 t - a +0 cloak (worn)
Jewellery
 n - a +4 ring of protection (left hand)
 u - a ring of ice
 v - a +5 ring of evasion
Wands
 c - a wand of flame (14) (quivered)
 d - a wand of charming (14)
 e - a wand of iceblast (5)
Scrolls
 f - 5 scrolls of identify {unknown}
 i - a scroll of poison {unknown}
 j - a scroll of teleportation {unknown}
 l - a scroll of fog {unknown}
 m - a scroll of vulnerability {unknown}
Potions
 h - a potion of brilliance {unknown}
 p - a potion of lignification
 q - a potion of berserk rage


   Skills:
 + Level 3.2 Fighting
 + Level 2.0 Short Blades
 + Level 2.0 Long Blades
 + Level 2.0 Axes
 + Level 2.0 Maces & Flails
 + Level 2.0 Polearms
 + Level 2.0 Staves
 + Level 2.0 Ranged Weapons
 + Level 2.0 Throwing
 + Level 5.0 Armour
 + Level 3.2 Dodging
 + Level 3.1 Stealth
 + Level 2.0 Shields
 + Level 2.0 Unarmed Combat
 + Level 2.0 Spellcasting
 + Level 1.5 Conjurations
 + Level 1.5 Hexes
 + Level 1.5 Summonings
 + Level 1.5 Necromancy
 + Level 1.5 Translocations
 + Level 1.5 Transmutations
 + Level 1.5 Fire Magic
 + Level 1.5 Ice Magic
 + Level 1.5 Air Magic
 + Level 1.5 Earth Magic
 + Level 1.5 Poison Magic
 + Level 2.1 Invocations
 + Level 6.8 Evocations
 + Level 1.5 Shapeshifting


You had 9 spell levels left.
You didn't know any spells.
Your spell library was empty.

Dungeon Overview and Level Annotations

Branches:
Dungeon (4/15)
 Temple: D:4-7

Altars:


Innate Abilities, Weirdness & Mutations

You have very sharp teeth.
Your uncanny sense of smell can sniff out nearby items.
Your experience applies equally to all skills.


Message History

You hit the scorpion but do no damage.
The scorpion is moderately wounded.
You feel sick. The scorpion stings you.
You hit the scorpion.
The scorpion is severely wounded.
You feel sick.
The scorpion stings you but does no damage.
You block the scorpion's attack.
You hit the scorpion.
The scorpion is almost dead.
You feel sick.
You are no longer poisoned.
The scorpion stings you.
You are poisoned.
The scorpion poisons you!
The scorpion stings you but does no damage.
You are too injured to fight recklessly!
You are too injured to fight recklessly!
You are too injured to fight recklessly!
You are too injured to fight recklessly!
You are too injured to fight recklessly!
You are too injured to fight recklessly!
You are too injured to fight recklessly!
You are too injured to fight recklessly!
You are too injured to fight recklessly!
You are too injured to fight recklessly!
You hit the scorpion but do no damage.
The scorpion is almost dead.
* * * LOW HITPOINT WARNING * * *
You feel very sick. The scorpion stings you.
* * * LOW HITPOINT WARNING * * *
You are lethally poisoned!
The scorpion poisons you! The scorpion stings you.
* * * LOW HITPOINT WARNING * * *
You are more poisoned.
The scorpion poisons you!
You hit the scorpion but do no damage.
The scorpion is almost dead.
You die...

..##.........#
..''.........# .
..##.........# #####. ..
#.........# #.....
#'###.........# #.....
##..........#### #.....
............#######....#
###.........##...##....#
.......@....##+#.##....#
......s..........)'....+
............†....##....#
.................'.....÷
.................#######
....############## ####


You could see a scorpion.

Vanquished Creatures
  A scorpion (D:4)
  A jelly (D:4)
  A sleepcap (D:3)
  3 adders
  4 gnolls
  3 worms
  7 ball pythons
  8 endoplasms
  3 giant cockroaches
  13 goblins
  11 hobgoblins
  8 jackals
  5 kobolds
  A quokka (D:3)
  7 bats
  4 frilled lizards
  9 rats
89 creatures vanquished.

Vanquished Creatures (collateral kills)
  A gnoll (D:2)
1 creature vanquished.

Grand Total: 90 creatures vanquished

Notes
Turn   | Place    | Note
-------+----------+-------------------------------------------
     0 | D:1      | cforsyth the Gnoll Artificer began the quest for the Orb.
     0 | D:1      | Reached XP level 1. HP: 17/17 MP: 1/1
   246 | D:1      | Reached XP level 2. HP: 18/23 MP: 2/2
   456 | D:1      | You fall into a shaft and drop 1 floor!
   498 | D:2      | HP: 1/23 [gnoll/+0 flail (7)]
   702 | D:2      | Reached XP level 3. HP: 22/28 MP: 3/3
  1180 | D:1      | Reached skill level 1 in Invocations
  1527 | D:2      | Reached skill level 1 in Short Blades
  1527 | D:2      | Reached skill level 1 in Long Blades
  1527 | D:2      | Reached skill level 1 in Axes
  1527 | D:2      | Reached skill level 1 in Maces & Flails
  1527 | D:2      | Reached skill level 1 in Polearms
  1527 | D:2      | Reached skill level 1 in Staves
  1527 | D:2      | Reached skill level 1 in Ranged Weapons
  1527 | D:2      | Reached skill level 1 in Throwing
  1527 | D:2      | Reached skill level 1 in Shields
  1527 | D:2      | Reached skill level 1 in Unarmed Combat
  1527 | D:2      | Reached skill level 1 in Spellcasting
  1755 | D:1      | Reached XP level 4. HP: 12/34 MP: 5/5
  1920 | D:2      | Reached skill level 1 in Conjurations
  1920 | D:2      | Reached skill level 1 in Hexes
  1920 | D:2      | Reached skill level 1 in Summonings
  1920 | D:2      | Reached skill level 1 in Necromancy
  1920 | D:2      | Reached skill level 1 in Translocations
  1920 | D:2      | Reached skill level 1 in Transmutations
  1920 | D:2      | Reached skill level 1 in Fire Magic
  1920 | D:2      | Reached skill level 1 in Ice Magic
  1920 | D:2      | Reached skill level 1 in Air Magic
  1920 | D:2      | Reached skill level 1 in Earth Magic
  1920 | D:2      | Reached skill level 1 in Poison Magic
  1920 | D:2      | Reached skill level 1 in Shapeshifting
  2873 | D:3      | Reached XP level 5. HP: 40/40 MP: 6/6
  3758 | D:4      | HP: 2/41 [poisoned by a scorpion]
  3762 | D:4      | Reached skill level 5 in Armour
  3762 | D:4      | Reached XP level 6. HP: 4/47 MP: 8/8
  3764 | D:4      | HP: 3/105 [poisoned by a scorpion]
  4025 | D:4      | Succumbed to a scorpion's poison

Illustrated notes

Levels and vault maps discovered:
D:1:      erik_arrival_blinker_ship, layout_loops_corners
D:2:      layout_basic
D:3:      minmay_chambers_of_threes, layout_rooms, serial_park_tiny_pond,
          hangedman_feature_mirror, amcnicky_mini_rare_corridor_liquid
D:4:      layout_basic, guppyfry_shop_venom

Skill      XL: |  1  2  3  4  5  6 |
---------------+-------------------+-----
Invocations    | 1 2 |  2.1
Short Blades   | 1 2 |  2.0
Long Blades    | 1 2 |  2.0
Axes           | 1 2 |  2.0
Maces & Flails | 1 2 |  2.0
Polearms       | 1 2 |  2.0
Staves         | 1 2 |  2.0
Ranged Weapons | 1 2 |  2.0
Throwing       | 1 2 |  2.0
Shields        | 1 2 |  2.0
Unarmed Combat | 1 2 |  2.0
Spellcasting   | 1 2 |  2.0
Conjurations   | 1 |  1.5
Hexes          | 1 |  1.5
Summonings     | 1 |  1.5
Necromancy     | 1 |  1.5
Translocations | 1 |  1.5
Transmutations | 1 |  1.5
Fire Magic     | 1 |  1.5
Ice Magic      | 1 |  1.5
Air Magic      | 1 |  1.5
Earth Magic    | 1 |  1.5
Poison Magic   | 1 |  1.5
Shapeshifting  | 1 |  1.5
Fighting       | 3 |  3.2
Dodging        | 3 |  3.2
Armour         | 5 |  5.0
Stealth        | 3 |  3.1
Evocations     | |  6.8

Action                     |  1- 3 |  4- 6 || total
---------------------------+-------+-------++-------
  Melee: Club              |   175 |     8 ||   183
         Bite              |    14 |    23 ||    37
         Flail             |       |   199 ||   199
  Evoke: Wand              |     2 |       ||     2
    Use: Potion            |       |     2 ||     2
   Stab: Sleeping          |     5 |       ||     5
 Armour: Leather armour    |    36 |       ||    36
         Scale mail        |    50 |   140 ||   190
         Skin              |       |     2 ||     2
  Dodge: Dodged            |    42 |    76 ||   118
  Block: Tower shield      |   133 |    61 ||   194
         Kite shield       |       |    80 ||    80

Table legend: (Time is in decaauts)
 A = Elapsed time spent in this place.
 B = Non-inter-level travel time spent in this place.
 C = Inter-level travel time spent in this place.
 D = Time resting spent in this place.
 E = Time spent auto-exploring this place.
 F = Levels seen in this place.
 G = Mean time per level.
                   A        B        C        D        E       F      G
               +--------+--------+--------+--------+--------+-----+--------+
         Total |   4320 |   4185 |    135 |    470 |   2591 |   4 | 1080.0 |
       Dungeon |   4320 |   4185 |    135 |    470 |   2591 |   4 | 1080.0 |
               +--------+--------+--------+--------+--------+-----+--------+

Top non-repeatable levels by time:
     D:2: 1486 daAuts
     D:1: 1300 daAuts
     D:3: 1021 daAuts
     D:4: 511 daAuts
